Barracuda vs Senators
Created - February 29, 2024 at 22:52
Goals
|
| Barracuda |
1 |
2 |
3 |
6 |
| Senators |
0 |
3 |
4 |
7 |
|
Shots
|
| Barracuda |
10 |
7 |
10 |
27 |
| Senators |
11 |
19 |
15 |
45 |
|
1st period
1. Barracuda , William Carrier 37 (Jordan Gross 17, Emil Pettersson 50) at 19:25
Penalties :
Jacob De La Rose (Bel) for Holding (Minor) at 6:29
2nd period
2. Barracuda , Samuel Groulx 5 (Alexei Toropchenko 4) at 3:41
3. Senators , Christoph Bertschy 33 (Zachary Sanford 46, Mason Appleton 20) at 9:20
4. Senators , Christoph Bertschy 34 (Zachary Sanford 47, Keegan Lowe 25) at 9:38
5. Senators , Christoph Bertschy 35 (Mason Appleton 21, Arvid Soderblom) at 13:48 (PP)
6. Barracuda , Kurtis Macdermid 23 (Theodor Blueger 34) at 14:18
Penalties :
Alex Lintuniemi (S.J) for Holding (Minor) at 13:15, Keegan Lowe (Bel) for Diving (Minor) at 14:21
3rd period
7. Senators , Zachary Sanford 46 (Christoph Bertschy 55) at 3:26
8. Senators , Zachary Sanford 47 (Christoph Bertschy 56) at 3:32
9. Senators , Zachary Sanford 48 (Christoph Bertschy 57, Jordan Schmaltz 39) at 7:36
10. Barracuda , Alex Henriksson 12 (Cole Ully 16, Robin Norell 19) at 9:30
11. Barracuda , Noah Gregor 11 (Cole Ully 17) at 12:33
12. Senators , Anton Karlsson 13 (Joonas Lyytinen 16) at 15:18
13. Barracuda , Theodor Blueger 25 (Kurtis Macdermid 26, Jaedon Descheneau 11) at 16:32 (PP)
Penalties :
Thomas Gobeil (S.J) for Holding (Minor) at 3:35, Nikolai Kovalenko (S.J) for Roughing (Minor) at 6:11, Carl Grundstrom (Bel) for Hooking (Minor) at 7:20, Marc Michaelis (Bel) for Hooking (Minor) at 15:56
Goalie Stats
Joni Ortio (S.J), 38 saves from 45 shots - (0.844), L, 22-14-4, 59:16 minutes
Arvid Soderblom (Bel), 21 saves from 27 shots - (0.778), W, 3-8-2, 60:00 minutes
Players Stats for Barracuda
Player Name G A P +/- PIM S H SB GA TA FO MP PP MP PK MP
------------------------------------------------------------------------------------
Alex Henriksson 1 0 1 1 0 1 2 1 1 0 0/0 9:15 0:09 0:47
Alex Lintuniemi 0 0 0 3 2 1 1 0 0 1 0/0 12:01 0:00 0:00
Alexei Toropchenko 0 1 1 0 0 0 1 0 0 0 0/0 8:11 0:03 0:00
Cole Ully 0 2 2 2 0 0 1 0 0 0 0/0 11:15 0:09 0:00
Emil Pettersson 0 1 1 -4 0 3 0 1 0 2 13/33 24:01 3:00 2:20
Eric Gustafsson 0 0 0 -2 0 3 4 4 1 2 0/0 28:32 3:26 2:23
Jaedon Descheneau 0 1 1 1 0 0 2 1 0 0 1/4 15:13 2:34 0:00
Jordan Gross 0 1 1 3 0 3 1 0 0 0 0/0 12:02 0:00 0:00
Kurtis Macdermid 1 1 2 1 0 4 1 1 0 0 0/0 16:09 2:34 0:34
Kyle Platzer 0 0 0 0 0 0 0 1 1 0 1/4 8:12 0:00 0:24
Mac Hollowell 0 0 0 -2 0 0 2 1 0 1 0/0 19:26 2:17 1:18
Nikolai Kovalenko 0 0 0 1 2 0 2 0 0 0 0/0 11:03 0:29 0:00
Noah Gregor 1 0 1 1 0 1 1 1 0 0 2/7 10:35 0:00 0:00
Robin Norell 0 1 1 -2 0 0 1 2 0 1 0/0 19:26 2:17 1:18
Samuel Groulx 1 0 1 -2 0 2 2 3 1 1 0/0 28:32 3:26 2:23
Theodor Blueger 1 1 2 1 0 4 0 0 0 0 3/8 16:32 2:34 0:57
Thomas Gobeil 0 0 0 -2 2 0 1 3 0 0 1/1 21:00 2:37 0:00
William Carrier 1 0 1 -4 0 5 3 2 2 0 1/4 24:01 3:00 2:20
Players Stats for Senators
Player Name G A P +/- PIM S H SB GA TA FO MP PP MP PK MP
------------------------------------------------------------------------------------
Anton Karlsson 1 0 1 0 0 1 1 0 1 0 0/0 9:55 0:00 0:56
Arttu Ruotsalainen 0 0 0 1 0 1 1 0 0 0 2/4 9:02 0:00 0:15
C.J Suess 0 0 0 -2 0 6 2 0 2 0 0/0 15:34 1:21 1:44
Carl Grundstrom 0 0 0 -3 2 2 3 0 0 1 0/1 14:00 1:20 0:00
Christoph Bertschy 3 3 6 4 0 6 2 0 0 0 24/36 23:20 2:20 2:53
Grant Besse 0 0 0 -1 0 4 1 0 0 0 0/0 11:01 0:00 0:00
Jacob De La Rose 0 0 0 -2 2 6 1 0 0 0 7/9 14:48 1:21 0:58
Jonas Siegenthaler 0 0 0 0 0 1 0 0 0 0 0/0 12:44 0:00 0:49
Joonas Lyytinen 0 1 1 2 0 0 1 1 0 0 0/0 17:44 1:05 2:09
Jordan Schmaltz 0 1 1 -1 0 4 2 5 0 1 0/0 30:04 2:36 3:34
Keegan Lowe 0 1 1 -1 2 0 1 2 1 1 0/0 29:03 2:36 2:15
Kevin Rooney 0 0 0 -2 0 5 2 0 1 0 4/6 12:56 0:00 1:44
Marc Michaelis 0 0 0 -1 2 1 2 0 0 0 0/0 11:00 0:00 0:00
Mason Appleton 0 2 2 3 0 1 0 2 0 0 0/1 19:37 2:20 0:00
Mason Geertsen 0 0 0 0 0 0 0 0 0 0 0/0 12:12 0:00 0:00
Nikita Nesterov 0 0 0 2 0 1 1 1 1 2 0/0 18:13 1:05 2:39
Tomas Hyka 0 0 0 1 0 1 2 0 0 1 1/2 8:47 0:00 0:00
Zachary Sanford 3 2 5 4 0 5 2 0 2 0 1/2 23:23 2:20 2:56
3 Stars
1 - Christoph Bertschy (Bel)
2 - Zachary Sanford (Bel)
3 - Mason Appleton (Bel)
Power Play
Barracuda - 1 on 4 Attempt(s) - 25.00%
Senators - 1 on 3 Attempt(s) - 33.33%
Penalty Kill
Barracuda - 2 on 3 Attempt(s) - 66.67%
- Score 0 goal in Penalty Kill
Senators - 3 on 4 Attempt(s) - 75.00%
- Score 0 goal in Penalty Kill
Team Stat
Barracuda - Hits : 25 - Faceoff Wins : 22 - Blocked Shots : 21 - Penalty Minutes : 6
Senators - Hits : 24 - Faceoff Wins : 39 - Blocked Shots : 11 - Penalty Minutes : 8
Official
Referees : Steve Kozari and Eric Furlatt
Linesman : Steve Miller and Kiel Murchison
Game Notes
Christoph Bertschy has scored a Hat Trick!
Zachary Sanford has scored a Hat Trick!
Finance
Level 1 -- Attendance: 1793 (89.65%) -- Ticket Income $125,510
Level 2 -- Attendance: 994 (99.40%) -- Ticket Income $39,760
Total Attendance: 2787 (92.90%)
Total Ticket Income: $165,270
Other Income: $8,264
Total Income: $173,534
Barracuda
5 vs 5 Forward
Center Left Wing Right Wing Time % Phy DF OF
1 Emil Pettersson William Carrier Thomas Gobeil 40 1 2 2
2 Theodor Blueger Kurtis Macdermid Jaedon Descheneau 30 1 2 2
3 Noah Gregor Cole Ully Nikolai Kovalenko 20 1 2 2
4 Kyle Platzer Alex Henriksson Alexei Toropchenko 10 1 2 2
5 vs 5 Defense
Defense Defense Time % Phy DF OF
1 Eric Gustafsson Samuel Groulx 40 1 2 2
2 Robin Norell Mac Hollowell 30 1 2 2
3 Jordan Gross Alex Lintuniemi 20 1 2 2
4 Eric Gustafsson Samuel Groulx 10 1 2 2
PowerPlay Forward
Center Left Wing Right Wing Time % Phy DF OF
1 Emil Pettersson William Carrier Thomas Gobeil 60 1 2 2
2 Theodor Blueger Kurtis Macdermid Jaedon Descheneau 40 1 2 2
PowerPlay Defense
Defense Defense Time % Phy DF OF
1 Eric Gustafsson Samuel Groulx 60 1 2 2
2 Robin Norell Mac Hollowell 40 1 2 2
Penalty Kill 4 Players Forward
Center Wing Time % Phy DF OF
1 Emil Pettersson William Carrier 60 1 2 2
2 Theodor Blueger Kurtis Macdermid 40 1 2 2
Penalty Kill 4 Players Defense
Defense Defense Time % Phy DF OF
1 Eric Gustafsson Samuel Groulx 60 1 2 2
2 Robin Norell Mac Hollowell 40 1 2 2
Penalty Kill - 3 Players Forward
Forward Time % Phy DF OF
1 Emil Pettersson 60 1 2 2
2 Theodor Blueger 40 1 2 2
Penalty Kill - 3 Players Defense
Defense Defense Time % Phy DF OF
1 Eric Gustafsson Samuel Groulx 60 1 2 2
2 Robin Norell Mac Hollowell 40 1 2 2
4 vs 4 Forward
Center Wing Time % Phy DF OF
1 Emil Pettersson William Carrier 60 1 2 2
2 Theodor Blueger Kurtis Macdermid 40 1 2 2
4 vs 4 Defense
Defense Defense Time % Phy DF OF
1 Eric Gustafsson Samuel Groulx 60 1 2 2
2 Robin Norell Mac Hollowell 40 1 2 2
Last Minutes Offensive
Center Left Wing Right Wing Defense Defense
Emil Pettersson William Carrier Thomas Gobeil Eric Gustafsson Samuel Groulx
Last Minutes Defensive
Center Left Wing Right Wing Defense Defense
Emil Pettersson William Carrier Thomas Gobeil Eric Gustafsson Samuel Groulx
Goaltenders
Starting : Joni Ortio
Backup : Joacim Eriksson
Extra Forwards
Normal : Theodor Blueger, Alex Henriksson, Noah Gregor - PP : Theodor Blueger, Alex Henriksson - PK : Theodor Blueger
Extra Defensemen
Normal : Mac Hollowell, Jordan Gross, Alex Lintuniemi - PP : Mac Hollowell - PK : Mac Hollowell, Jordan Gross
Penalty Shots
William Carrier, Kurtis Macdermid, Emil Pettersson, Cole Ully, Theodor Blueger
Custom OT Lines Forwards
William Carrier, Kurtis Macdermid, Emil Pettersson, Cole Ully, Theodor Blueger, Alex Henriksson, Noah Gregor, Kyle Platzer, Thomas Gobeil, Jaedon Descheneau
Custom OT Lines Defensemen
Eric Gustafsson, Samuel Groulx, Robin Norell, Mac Hollowell, Jordan Gross
Scratches
Aleksi Heponiemi (Healthy), Ben Jones (Healthy), Jacob Peterson (Healthy), Scott Reedy (Healthy), Mario Lucia (Broken Bone (Right Ankle) Injury)
Ryan Merkley (Healthy), Bode Wilde (Healthy), Logan Stanley (Right Ankle Injury), Dennis Cholowski (Healthy), Kevin Mandolese (Healthy)
Senators
5 vs 5 Forward
Center Left Wing Right Wing Time % Phy DF OF
1 Christoph Bertschy Zachary Sanford Mason Appleton 40 1 2 2
2 Jacob De La Rose C.J Suess Carl Grundstrom 30 1 2 2
3 Kevin Rooney Marc Michaelis Grant Besse 20 1 2 2
4 Arttu Ruotsalainen Anton Karlsson Tomas Hyka 10 1 2 2
5 vs 5 Defense
Defense Defense Time % Phy DF OF
1 Jordan Schmaltz Keegan Lowe 40 1 2 2
2 Joonas Lyytinen Nikita Nesterov 30 1 2 2
3 Jonas Siegenthaler Mason Geertsen 20 1 2 2
4 Jordan Schmaltz Keegan Lowe 10 1 2 2
PowerPlay Forward
Center Left Wing Right Wing Time % Phy DF OF
1 Christoph Bertschy Zachary Sanford Mason Appleton 60 1 2 2
2 Jacob De La Rose C.J Suess Carl Grundstrom 40 1 2 2
PowerPlay Defense
Defense Defense Time % Phy DF OF
1 Jordan Schmaltz Keegan Lowe 60 1 2 2
2 Joonas Lyytinen Nikita Nesterov 40 1 2 2
Penalty Kill 4 Players Forward
Center Wing Time % Phy DF OF
1 Christoph Bertschy Zachary Sanford 60 1 2 2
2 Jacob De La Rose C.J Suess 40 1 2 2
Penalty Kill 4 Players Defense
Defense Defense Time % Phy DF OF
1 Jordan Schmaltz Keegan Lowe 60 1 2 2
2 Joonas Lyytinen Nikita Nesterov 40 1 2 2
Penalty Kill - 3 Players Forward
Forward Time % Phy DF OF
1 Christoph Bertschy 60 1 2 2
2 Jacob De La Rose 40 1 2 2
Penalty Kill - 3 Players Defense
Defense Defense Time % Phy DF OF
1 Jordan Schmaltz Keegan Lowe 60 1 2 2
2 Joonas Lyytinen Nikita Nesterov 40 1 2 2
4 vs 4 Forward
Center Wing Time % Phy DF OF
1 Christoph Bertschy Zachary Sanford 60 1 2 2
2 Jacob De La Rose C.J Suess 40 1 2 2
4 vs 4 Defense
Defense Defense Time % Phy DF OF
1 Jordan Schmaltz Keegan Lowe 60 1 2 2
2 Joonas Lyytinen Nikita Nesterov 40 1 2 2
Last Minutes Offensive
Center Left Wing Right Wing Defense Defense
Christoph Bertschy Zachary Sanford Mason Appleton Jordan Schmaltz Keegan Lowe
Last Minutes Defensive
Center Left Wing Right Wing Defense Defense
Christoph Bertschy Zachary Sanford Mason Appleton Jordan Schmaltz Keegan Lowe
Goaltenders
Starting : Arvid Soderblom
Backup : David Rittich
Extra Forwards
Normal : Kevin Rooney, Marc Michaelis, Mason Appleton - PP : Kevin Rooney, Marc Michaelis - PK : Kevin Rooney
Extra Defensemen
Normal : Nikita Nesterov, Jonas Siegenthaler, Mason Geertsen - PP : Nikita Nesterov - PK : Nikita Nesterov, Jonas Siegenthaler
Penalty Shots
Zachary Sanford, Christoph Bertschy, Jacob De La Rose, C.J Suess, Kevin Rooney
Custom OT Lines Forwards
Zachary Sanford, Christoph Bertschy, Jacob De La Rose, C.J Suess, Kevin Rooney, Marc Michaelis, Mason Appleton, Carl Grundstrom, Grant Besse, Anton Karlsson
Custom OT Lines Defensemen
Jordan Schmaltz, Keegan Lowe, Joonas Lyytinen, Nikita Nesterov, Jonas Siegenthaler
Scratches
David Kase (Healthy), Akil Thomas (Healthy), Ivan Morozov (Healthy), Gustav Forsling (Healthy), Martin Fehervary (Healthy)
Alec Regula (Healthy), Vitaly Abramov (Healthy), Cliff Pu (Healthy), Bryce Kindopp (Healthy), Olivier Rodrigue (Healthy)
Olle Eriksson Ek (Healthy)
% Time on Ice - Barracuda
Lines # - Real PCT - Wanted PCT - Time Play
Normal Forward
1 - 35% - 40% - 17:14
2 - 27% - 30% - 13:01
3 - 22% - 20% - 10:35
4 - 16% - 10% - 7:48
Normal Defense
1 - 40% - 40% - 19:13
2 - 32% - 30% - 15:47
3 - 25% - 20% - 11:59
4 - 3% - 10% - 1:39
PP Forward
1 - 55% - 60% - 3:09
2 - 45% - 40% - 2:34
PP Defense
1 - 60% - 60% - 3:26
2 - 40% - 40% - 2:17
PK Forward
1 - 85% - 60% - 3:07
2 - 15% - 40% - 0:34
PK Defense
1 - 65% - 60% - 2:23
2 - 35% - 40% - 1:18
PK3 Forward
1 - 0% - 60%
2 - 0% - 40%
PK3 Defense
1 - 0% - 60%
2 - 0% - 40%
44 Forward
1 - 100% - 60% - 0:50
2 - 0% - 40% - 0:00
44 Defense
1 - 92% - 60% - 0:46
2 - 8% - 40% - 0:04
Last Minute Offensive - 1:08
Last Minute Defensive - 0:00
Total
Forward - 60:00
Defense - 60:00
|
% Time on Ice - Senators
Lines # - Real PCT - Wanted PCT - Time Play
Normal Forward
1 - 34% - 40% - 16:18
2 - 26% - 30% - 12:29
3 - 23% - 20% - 11:01
4 - 18% - 10% - 8:47
Normal Defense
1 - 39% - 40% - 19:08
2 - 30% - 30% - 14:29
3 - 24% - 20% - 11:54
4 - 6% - 10% - 3:04
PP Forward
1 - 63% - 60% - 2:20
2 - 37% - 40% - 1:21
PP Defense
1 - 71% - 60% - 2:36
2 - 29% - 40% - 1:05
PK Forward
1 - 70% - 60% - 3:59
2 - 30% - 40% - 1:44
PK Defense
1 - 66% - 60% - 3:46
2 - 34% - 40% - 1:57
PK3 Forward
1 - 0% - 60%
2 - 0% - 40%
PK3 Defense
1 - 0% - 60%
2 - 0% - 40%
44 Forward
1 - 100% - 60% - 0:50
2 - 0% - 40% - 0:00
44 Defense
1 - 100% - 60% - 0:50
2 - 0% - 40% - 0:00
Last Minute Offensive - 0:00
Last Minute Defensive - 1:11
Total
Forward - 60:00
Defense - 60:00
|
Play-by-Play
1st period
0:01 of 1st period - William Carrier wins face-off versus Christoph Bertschy in neutral zone.
0:14 of 1st period - Snap shot by Emil Pettersson.
0:14 of 1st period - Shot Misses the Net.
0:16 of 1st period - Snap shot by Emil Pettersson.
0:16 of 1st period - Stopped by Arvid Soderblom without a rebound.
0:17 of 1st period - Jacob De La Rose wins face-off versus Jaedon Descheneau in Senators zone.
0:42 of 1st period - Joonas Lyytinen is hit by Noah Gregor and loses puck.
1:07 of 1st period - Wrist shot by Emil Pettersson.
1:07 of 1st period - Stopped by Arvid Soderblom without a rebound.
1:08 of 1st period - Emil Pettersson wins face-off versus Christoph Bertschy in Senators zone.
1:48 of 1st period - Snap shot by William Carrier.
1:48 of 1st period - Stopped by Arvid Soderblom with a rebound.
1:50 of 1st period - Slapshot by Alex Lintuniemi.
1:50 of 1st period - Shot Misses the Net.
1:52 of 1st period - Snap shot by William Carrier.
1:52 of 1st period - Stopped by Arvid Soderblom with a rebound.
1:54 of 1st period - Slapshot by Jordan Gross.
1:54 of 1st period - Shot Blocked by Nikita Nesterov.
1:56 of 1st period - Slapshot by Jordan Gross.
1:56 of 1st period - Stopped by Arvid Soderblom with a rebound.
1:58 of 1st period - Slapshot by Alex Lintuniemi.
1:58 of 1st period - Stopped by Arvid Soderblom without a rebound.
1:59 of 1st period - Christoph Bertschy wins face-off versus Theodor Blueger in Senators zone.
2:10 of 1st period - Backhand shot by Theodor Blueger.
2:10 of 1st period - Shot Misses the Net.
2:24 of 1st period - Marc Michaelis is hit by Nikolai Kovalenko and loses puck.
2:33 of 1st period - Wrist shot by Kevin Rooney.
2:33 of 1st period - Stopped by Joni Ortio without a rebound.
2:34 of 1st period - Tomas Hyka wins face-off versus Kyle Platzer in Barracuda zone.
3:26 of 1st period - Carl Grundstrom is hit by Samuel Groulx and loses puck.
3:39 of 1st period - Samuel Groulx is hit by Marc Michaelis and loses puck.
4:20 of 1st period - Jonas Siegenthaler is hit by Kurtis Macdermid and loses puck.
5:11 of 1st period - Wrist shot by Grant Besse.
5:11 of 1st period - Stopped by Joni Ortio with a rebound.
5:17 of 1st period - Marc Michaelis is hit by William Carrier and loses puck.
5:28 of 1st period - Snap shot by Marc Michaelis.
5:28 of 1st period - Deflect By Tomas Hyka.
5:28 of 1st period - Shot Blocked by Alex Henriksson.
5:28 of 1st period - Puck is out of play.
5:29 of 1st period - Arttu Ruotsalainen wins face-off versus Kyle Platzer in Barracuda zone.
5:30 of 1st period - Backhand shot by Anton Karlsson.
5:30 of 1st period - Shot Misses the Net.
5:32 of 1st period - Snap shot by Anton Karlsson.
5:32 of 1st period - Shot Misses the Net.
5:38 of 1st period - Slapshot by Keegan Lowe.
5:38 of 1st period - Shot Blocked by Eric Gustafsson.
5:40 of 1st period - Slapshot by Jordan Schmaltz.
5:40 of 1st period - Stopped by Joni Ortio without a rebound.
5:41 of 1st period - Christoph Bertschy wins face-off versus Jaedon Descheneau in Barracuda zone.
5:49 of 1st period - Icing by Eric Gustafsson.
5:50 of 1st period - Christoph Bertschy wins face-off versus Theodor Blueger in Barracuda zone.
6:07 of 1st period - Slapshot by Eric Gustafsson.
6:07 of 1st period - Stopped by Arvid Soderblom without a rebound.
6:08 of 1st period - Jacob De La Rose wins face-off versus Emil Pettersson in Senators zone.
6:29 of 1st period - Minor Penalty to Jacob De La Rose for Holding.
6:30 of 1st period - Emil Pettersson wins face-off versus Christoph Bertschy in Senators zone.
8:29 of 1st period - Penalty to Jacob De La Rose is over, Jacob De La Rose is back on ice.
8:40 of 1st period - Kevin Rooney is hit by Eric Gustafsson and loses puck.
8:55 of 1st period - Alex Henriksson is hit by Nikita Nesterov and loses puck.
9:43 of 1st period - Kurtis Macdermid is hit by Arttu Ruotsalainen and loses puck.
9:56 of 1st period - Alex Henriksson is hit by Jordan Schmaltz and loses puck.
10:01 of 1st period - Wrist shot by Zachary Sanford.
10:01 of 1st period - Shot Blocked by Kyle Platzer.
10:56 of 1st period - Off-side.
10:57 of 1st period - Noah Gregor wins face-off versus Tomas Hyka in neutral zone.
11:28 of 1st period - Wrist shot by Christoph Bertschy.
11:28 of 1st period - Stopped by Joni Ortio with a rebound.
11:30 of 1st period - Slapshot by Mason Appleton.
11:30 of 1st period - Stopped by Joni Ortio without a rebound.
11:31 of 1st period - Christoph Bertschy wins face-off versus Emil Pettersson in Barracuda zone.
11:40 of 1st period - Slapshot by Mason Appleton.
11:40 of 1st period - Shot Misses the Net.
11:42 of 1st period - Slapshot by Zachary Sanford.
11:42 of 1st period - Stopped by Joni Ortio with a rebound.
12:40 of 1st period - Off-side.
12:41 of 1st period - Jacob De La Rose wins face-off versus Kyle Platzer in neutral zone.
12:48 of 1st period - Snap shot by C.J Suess.
12:48 of 1st period - Stopped by Joni Ortio with a rebound.
12:54 of 1st period - Backhand shot by C.J Suess.
12:54 of 1st period - Shot Misses the Net.
12:56 of 1st period - Snap shot by Jacob De La Rose.
12:56 of 1st period - Stopped by Joni Ortio with a rebound.
13:06 of 1st period - Christoph Bertschy is hit by William Carrier.
13:12 of 1st period - Mac Hollowell is hit by Zachary Sanford and loses puck.
13:31 of 1st period - Kevin Rooney is hit by Mac Hollowell and loses puck.
13:52 of 1st period - Snap shot by C.J Suess.
13:52 of 1st period - Deflect By Jacob De La Rose.
13:52 of 1st period - Shot Misses the Net.
13:52 of 1st period - Puck is out of play.
13:53 of 1st period - Thomas Gobeil wins face-off versus Carl Grundstrom in Barracuda zone.
14:08 of 1st period - Snap shot by Jacob De La Rose.
14:08 of 1st period - Stopped by Joni Ortio with a rebound.
15:31 of 1st period - Kyle Platzer is hit by Tomas Hyka.
15:49 of 1st period - Wrist shot by Arttu Ruotsalainen.
15:49 of 1st period - Stopped by Joni Ortio with a rebound.
16:07 of 1st period - Jacob De La Rose is hit by Jordan Gross and loses puck.
16:32 of 1st period - Snap shot by Grant Besse.
16:32 of 1st period - Shot Misses the Net.
16:34 of 1st period - Slapshot by Joonas Lyytinen.
16:34 of 1st period - Shot Misses the Net.
17:14 of 1st period - Theodor Blueger is hit by Zachary Sanford and loses puck.
17:51 of 1st period - Backhand shot by Kevin Rooney.
17:51 of 1st period - Shot Blocked by Samuel Groulx.
17:53 of 1st period - Wrist shot by Marc Michaelis.
17:53 of 1st period - Shot Blocked by William Carrier.
18:07 of 1st period - Slapshot by Eric Gustafsson.
18:07 of 1st period - Stopped by Arvid Soderblom without a rebound.
18:08 of 1st period - Kyle Platzer wins face-off versus Arttu Ruotsalainen in Senators zone.
18:18 of 1st period - Robin Norell is hit by Anton Karlsson and loses puck.
18:27 of 1st period - Jordan Schmaltz is hit by Mac Hollowell and loses puck.
18:54 of 1st period - Snap shot by Kyle Platzer.
18:54 of 1st period - Shot Blocked by Keegan Lowe.
19:08 of 1st period - Snap shot by Anton Karlsson.
19:08 of 1st period - Deflect By Tomas Hyka.
19:08 of 1st period - Stopped by Joni Ortio without a rebound.
19:09 of 1st period - Emil Pettersson wins face-off versus Christoph Bertschy in Barracuda zone.
19:09 of 1st period - Emil Pettersson is hit by Christoph Bertschy.
19:19 of 1st period - Wrist shot by Emil Pettersson.
19:19 of 1st period - Shot Blocked by Joonas Lyytinen.
19:21 of 1st period - Wrist shot by Jordan Gross.
19:21 of 1st period - Stopped by Arvid Soderblom with a rebound.
19:23 of 1st period - Slapshot by William Carrier.
19:23 of 1st period - Shot Blocked by Mason Appleton.
19:25 of 1st period - Backhand shot by William Carrier.
19:25 of 1st period - Goal by William Carrier - Barracuda : 1 - Senators : 0.
19:26 of 1st period - Emil Pettersson wins face-off versus Christoph Bertschy in neutral zone.
19:42 of 1st period - Slapshot by Zachary Sanford.
19:42 of 1st period - Shot Blocked by William Carrier.
19:49 of 1st period - Icing by Samuel Groulx.
19:50 of 1st period - Jacob De La Rose wins face-off versus Emil Pettersson in Barracuda zone.
19:57 of 1st period - Slapshot by C.J Suess.
19:57 of 1st period - Shot Blocked by Samuel Groulx.
19:59 of 1st period - Wrist shot by C.J Suess.
19:59 of 1st period - Shot Misses the Net.
Goals for this period are 1 for Barracuda vs 0 for Senators.
Shots for this period are 10 for Barracuda vs 11 for Senators.
2nd period
0:01 of 2nd period - Christoph Bertschy wins face-off versus Emil Pettersson in neutral zone.
0:30 of 2nd period - Snap shot by Jacob De La Rose.
0:30 of 2nd period - Shot Misses the Net.
1:02 of 2nd period - Kyle Platzer is hit by Joonas Lyytinen and loses puck.
1:46 of 2nd period - Christoph Bertschy is hit by William Carrier and loses puck.
1:57 of 2nd period - Kurtis Macdermid is hit by Carl Grundstrom and loses puck.
2:02 of 2nd period - Snap shot by C.J Suess.
2:02 of 2nd period - Stopped by Joni Ortio with a rebound.
2:04 of 2nd period - Snap shot by C.J Suess.
2:04 of 2nd period - Stopped by Joni Ortio without a rebound.
2:05 of 2nd period - Jaedon Descheneau wins face-off versus Jacob De La Rose in Barracuda zone.
2:21 of 2nd period - C.J Suess is hit by Alex Lintuniemi.
2:40 of 2nd period - Wrist shot by Zachary Sanford.
2:40 of 2nd period - Stopped by Joni Ortio with a rebound.
2:42 of 2nd period - Slapshot by Mason Appleton.
2:42 of 2nd period - Shot Blocked by Thomas Gobeil.
3:18 of 2nd period - Kyle Platzer is hit by Kevin Rooney and loses puck.
3:41 of 2nd period - Snap shot by Samuel Groulx.
3:41 of 2nd period - Goal by Samuel Groulx - Barracuda : 2 - Senators : 0.
3:42 of 2nd period - Christoph Bertschy wins face-off versus Emil Pettersson in neutral zone.
3:58 of 2nd period - Slapshot by Jordan Schmaltz.
3:58 of 2nd period - Stopped by Joni Ortio with a rebound.
4:08 of 2nd period - Carl Grundstrom is hit by Eric Gustafsson and loses puck.
4:18 of 2nd period - Wrist shot by Theodor Blueger.
4:18 of 2nd period - Stopped by Arvid Soderblom with a rebound.
4:30 of 2nd period - Wrist shot by Grant Besse.
4:30 of 2nd period - Shot Blocked by Robin Norell.
4:32 of 2nd period - Wrist shot by Nikita Nesterov.
4:32 of 2nd period - Deflect By Kevin Rooney.
4:32 of 2nd period - Stopped by Joni Ortio without a rebound.
4:33 of 2nd period - Emil Pettersson wins face-off versus Kevin Rooney in Barracuda zone.
5:00 of 2nd period - Theodor Blueger is hit by Christoph Bertschy and loses puck.
5:19 of 2nd period - Snap shot by Cole Ully.
5:19 of 2nd period - Shot Blocked by Jordan Schmaltz.
5:47 of 2nd period - Slapshot by Keegan Lowe.
5:47 of 2nd period - Shot Blocked by Emil Pettersson.
6:05 of 2nd period - Samuel Groulx is hit by Keegan Lowe and loses puck.
6:46 of 2nd period - Snap shot by Jordan Schmaltz.
6:46 of 2nd period - Deflect By Cole Ully.
6:46 of 2nd period - Stopped by Joni Ortio with a rebound.
6:48 of 2nd period - Snap shot by C.J Suess.
6:48 of 2nd period - Stopped by Joni Ortio with a rebound.
6:50 of 2nd period - Snap shot by Jordan Schmaltz.
6:50 of 2nd period - Stopped by Joni Ortio with a rebound.
6:52 of 2nd period - Wrist shot by Jacob De La Rose.
6:52 of 2nd period - Stopped by Joni Ortio with a rebound.
6:54 of 2nd period - Slapshot by Jacob De La Rose.
6:54 of 2nd period - Shot Misses the Net.
7:26 of 2nd period - Slapshot by Kurtis Macdermid.
7:26 of 2nd period - Shot Misses the Net.
8:04 of 2nd period - Wrist shot by William Carrier.
8:04 of 2nd period - Stopped by Arvid Soderblom with a rebound.
8:06 of 2nd period - Slapshot by Jordan Gross.
8:06 of 2nd period - Stopped by Arvid Soderblom with a rebound.
8:08 of 2nd period - Snap shot by William Carrier.
8:08 of 2nd period - Shot Misses the Net.
8:44 of 2nd period - Slapshot by Kurtis Macdermid.
8:44 of 2nd period - Stopped by Arvid Soderblom without a rebound.
8:45 of 2nd period - Kevin Rooney wins face-off versus Theodor Blueger in Senators zone.
9:18 of 2nd period - Snap shot by Christoph Bertschy.
9:18 of 2nd period - Shot Misses the Net.
9:20 of 2nd period - Wrist shot by Christoph Bertschy.
9:20 of 2nd period - Goal by Christoph Bertschy - Barracuda : 2 - Senators : 1.
9:21 of 2nd period - Emil Pettersson wins face-off versus Christoph Bertschy in neutral zone.
9:38 of 2nd period - Wrist shot by Christoph Bertschy.
9:38 of 2nd period - Goal by Christoph Bertschy - Barracuda : 2 - Senators : 2.
9:39 of 2nd period - Christoph Bertschy wins face-off versus Emil Pettersson in neutral zone.
9:52 of 2nd period - Snap shot by Mason Appleton.
9:52 of 2nd period - Shot Misses the Net.
9:54 of 2nd period - Slapshot by Christoph Bertschy.
9:54 of 2nd period - Shot Misses the Net.
10:10 of 2nd period - Snap shot by Kevin Rooney.
10:10 of 2nd period - Stopped by Joni Ortio with a rebound.
10:12 of 2nd period - Slapshot by Nikita Nesterov.
10:12 of 2nd period - Stopped by Joni Ortio without a rebound.
10:13 of 2nd period - Kevin Rooney wins face-off versus Jaedon Descheneau in Barracuda zone.
10:34 of 2nd period - Off-side.
10:35 of 2nd period - Christoph Bertschy wins face-off versus Noah Gregor in neutral zone.
11:07 of 2nd period - Carl Grundstrom is hit by Thomas Gobeil and loses puck.
11:25 of 2nd period - Icing by Nikita Nesterov.
11:26 of 2nd period - Theodor Blueger wins face-off versus Kevin Rooney in Senators zone.
12:59 of 2nd period - Slapshot by Kurtis Macdermid.
12:59 of 2nd period - Deflect By Theodor Blueger.
12:59 of 2nd period - Stopped by Arvid Soderblom without a rebound.
13:00 of 2nd period - Christoph Bertschy wins face-off versus Emil Pettersson in Senators zone.
13:15 of 2nd period - Minor Penalty to Alex Lintuniemi for Holding.
13:16 of 2nd period - Christoph Bertschy wins face-off versus Emil Pettersson in Barracuda zone.
13:24 of 2nd period - Slapshot by Christoph Bertschy.
13:24 of 2nd period - Stopped by Joni Ortio without a rebound.
13:25 of 2nd period - Christoph Bertschy wins face-off versus Emil Pettersson in Barracuda zone.
13:48 of 2nd period - Slapshot by Christoph Bertschy.
13:48 of 2nd period - Goal by Christoph Bertschy - Barracuda : 2 - Senators : 3.
13:49 of 2nd period - Christoph Bertschy wins face-off versus Emil Pettersson in neutral zone.
13:53 of 2nd period - Jordan Schmaltz is hit by Samuel Groulx and loses puck.
14:18 of 2nd period - Wrist shot by Kurtis Macdermid.
14:18 of 2nd period - Goal by Kurtis Macdermid - Barracuda : 3 - Senators : 3.
14:19 of 2nd period - Christoph Bertschy wins face-off versus William Carrier in neutral zone.
14:21 of 2nd period - Minor Penalty to Keegan Lowe for Diving.
14:22 of 2nd period - Christoph Bertschy wins face-off versus Emil Pettersson in Senators zone.
16:21 of 2nd period - Penalty to Keegan Lowe is over, Keegan Lowe is back on ice.
16:43 of 2nd period - Icing by Eric Gustafsson.
16:44 of 2nd period - Noah Gregor wins face-off versus Jacob De La Rose in Barracuda zone.
16:51 of 2nd period - Nikolai Kovalenko is hit by Jacob De La Rose and loses puck.
16:58 of 2nd period - Slapshot by C.J Suess.
16:58 of 2nd period - Stopped by Joni Ortio with a rebound.
17:00 of 2nd period - Wrist shot by Jonas Siegenthaler.
17:00 of 2nd period - Stopped by Joni Ortio with a rebound.
18:40 of 2nd period - Jacob De La Rose is hit by Cole Ully and loses puck.
19:01 of 2nd period - Jordan Gross is hit by Jordan Schmaltz.
19:13 of 2nd period - Theodor Blueger is hit by Kevin Rooney and loses puck.
19:18 of 2nd period - Wrist shot by Marc Michaelis.
19:18 of 2nd period - Shot Misses the Net.
19:20 of 2nd period - Snap shot by Kevin Rooney.
19:20 of 2nd period - Stopped by Joni Ortio with a rebound.
19:22 of 2nd period - Slapshot by Marc Michaelis.
19:22 of 2nd period - Shot Blocked by Robin Norell.
19:24 of 2nd period - Wrist shot by Marc Michaelis.
19:24 of 2nd period - Stopped by Joni Ortio with a rebound.
19:34 of 2nd period - Alexei Toropchenko is hit by Carl Grundstrom and loses puck.
Goals for this period are 2 for Barracuda vs 3 for Senators.
Shots for this period are 7 for Barracuda vs 19 for Senators.
3rd period
0:01 of 3rd period - Emil Pettersson wins face-off versus Christoph Bertschy in neutral zone.
0:06 of 3rd period - Wrist shot by William Carrier.
0:06 of 3rd period - Shot Misses the Net.
0:08 of 3rd period - Snap shot by Emil Pettersson.
0:08 of 3rd period - Shot Blocked by Jordan Schmaltz.
0:10 of 3rd period - Slapshot by Eric Gustafsson.
0:10 of 3rd period - Stopped by Arvid Soderblom with a rebound.
0:12 of 3rd period - Snap shot by Emil Pettersson.
0:12 of 3rd period - Stopped by Arvid Soderblom without a rebound.
0:13 of 3rd period - Emil Pettersson wins face-off versus Christoph Bertschy in Senators zone.
0:22 of 3rd period - Snap shot by Emil Pettersson.
0:22 of 3rd period - Shot Misses the Net.
0:30 of 3rd period - Wrist shot by Zachary Sanford.
0:30 of 3rd period - Shot Blocked by Eric Gustafsson.
0:44 of 3rd period - Slapshot by Samuel Groulx.
0:44 of 3rd period - Stopped by Arvid Soderblom with a rebound.
0:54 of 3rd period - C.J Suess is hit by Jaedon Descheneau and loses puck.
1:15 of 3rd period - Snap shot by Kevin Rooney.
1:15 of 3rd period - Shot Blocked by Mac Hollowell.
1:17 of 3rd period - Slapshot by Keegan Lowe.
1:17 of 3rd period - Shot Misses the Net.
1:29 of 3rd period - Joonas Lyytinen is hit by Robin Norell and loses puck.
1:48 of 3rd period - Alex Lintuniemi is hit by Tomas Hyka and loses puck.
2:13 of 3rd period - Snap shot by Kurtis Macdermid.
2:13 of 3rd period - Shot Misses the Net.
2:19 of 3rd period - Slapshot by Theodor Blueger.
2:19 of 3rd period - Deflect By C.J Suess.
2:19 of 3rd period - Stopped by Arvid Soderblom without a rebound.
2:20 of 3rd period - Christoph Bertschy wins face-off versus Emil Pettersson in Senators zone.
2:29 of 3rd period - Wrist shot by Christoph Bertschy.
2:29 of 3rd period - Shot Blocked by Samuel Groulx.
2:31 of 3rd period - Wrist shot by Mason Appleton.
2:31 of 3rd period - Deflect By Zachary Sanford.
2:31 of 3rd period - Shot Misses the Net.
2:31 of 3rd period - Puck is out of play.
2:32 of 3rd period - Christoph Bertschy wins face-off versus Emil Pettersson in Barracuda zone.
3:02 of 3rd period - Snap shot by Jacob De La Rose.
3:02 of 3rd period - Deflect By C.J Suess.
3:02 of 3rd period - Stopped by Joni Ortio without a rebound.
3:03 of 3rd period - Jacob De La Rose wins face-off versus Theodor Blueger in Barracuda zone.
3:10 of 3rd period - Snap shot by Carl Grundstrom.
3:10 of 3rd period - Stopped by Joni Ortio without a rebound.
3:11 of 3rd period - Christoph Bertschy wins face-off versus Emil Pettersson in Barracuda zone.
3:26 of 3rd period - Snap shot by Zachary Sanford.
3:26 of 3rd period - Goal by Zachary Sanford - Barracuda : 3 - Senators : 4.
3:27 of 3rd period - Christoph Bertschy wins face-off versus Emil Pettersson in neutral zone.
3:32 of 3rd period - Snap shot by Zachary Sanford.
3:32 of 3rd period - Goal by Zachary Sanford - Barracuda : 3 - Senators : 5.
3:33 of 3rd period - Emil Pettersson wins face-off versus Christoph Bertschy in neutral zone.
3:35 of 3rd period - Minor Penalty to Thomas Gobeil for Holding.
3:36 of 3rd period - Christoph Bertschy wins face-off versus Emil Pettersson in Barracuda zone.
4:52 of 3rd period - Jacob De La Rose is hit by Alex Henriksson.
5:02 of 3rd period - Jordan Schmaltz is hit by Alex Henriksson and loses puck.
5:35 of 3rd period - Penalty to Thomas Gobeil is over, Thomas Gobeil is back on ice.
5:48 of 3rd period - Wrist shot by Grant Besse.
5:48 of 3rd period - Shot Misses the Net.
5:50 of 3rd period - Wrist shot by Marc Michaelis.
5:50 of 3rd period - Shot Blocked by Thomas Gobeil.
6:03 of 3rd period - Off-side.
6:04 of 3rd period - Arttu Ruotsalainen wins face-off versus Noah Gregor in neutral zone.
6:04 of 3rd period - Arttu Ruotsalainen is hit by Nikolai Kovalenko.
6:11 of 3rd period - Minor Penalty to Nikolai Kovalenko for Roughing.
6:12 of 3rd period - Emil Pettersson wins face-off versus Mason Appleton in Barracuda zone.
7:20 of 3rd period - Minor Penalty to Carl Grundstrom for Hooking.
7:21 of 3rd period - Emil Pettersson wins face-off versus Zachary Sanford in Senators zone.
7:26 of 3rd period - Wrist shot by William Carrier.
7:26 of 3rd period - Shot Blocked by Jordan Schmaltz.
7:34 of 3rd period - Wrist shot by Christoph Bertschy.
7:34 of 3rd period - Stopped by Joni Ortio with a rebound.
7:36 of 3rd period - Slapshot by Zachary Sanford.
7:36 of 3rd period - Goal by Zachary Sanford - Barracuda : 3 - Senators : 6.
7:37 of 3rd period - Christoph Bertschy wins face-off versus Emil Pettersson in neutral zone.
7:49 of 3rd period - Snap shot by Emil Pettersson.
7:49 of 3rd period - Shot Blocked by Jordan Schmaltz.
8:11 of 3rd period - Penalty to Nikolai Kovalenko is over, Nikolai Kovalenko is back on ice.
9:20 of 3rd period - Penalty to Carl Grundstrom is over, Carl Grundstrom is back on ice.
9:30 of 3rd period - Wrist shot by Alex Henriksson.
9:30 of 3rd period - Goal by Alex Henriksson - Barracuda : 4 - Senators : 6.
9:31 of 3rd period - Theodor Blueger wins face-off versus Christoph Bertschy in neutral zone.
9:38 of 3rd period - Nikita Nesterov is hit by Jaedon Descheneau and loses puck.
9:47 of 3rd period - Snap shot by Kurtis Macdermid.
9:47 of 3rd period - Stopped by Arvid Soderblom without a rebound.
9:48 of 3rd period - Jacob De La Rose wins face-off versus Emil Pettersson in Senators zone.
10:02 of 3rd period - Slapshot by Jacob De La Rose.
10:02 of 3rd period - Stopped by Joni Ortio with a rebound.
10:04 of 3rd period - Snap shot by Jacob De La Rose.
10:04 of 3rd period - Stopped by Joni Ortio with a rebound.
10:27 of 3rd period - Slapshot by Grant Besse.
10:27 of 3rd period - Shot Blocked by Thomas Gobeil.
10:54 of 3rd period - Icing by Samuel Groulx.
10:55 of 3rd period - Theodor Blueger wins face-off versus Arttu Ruotsalainen in Barracuda zone.
11:02 of 3rd period - Arttu Ruotsalainen is hit by Eric Gustafsson and loses puck.
11:21 of 3rd period - Eric Gustafsson is hit by C.J Suess and loses puck.
11:26 of 3rd period - Snap shot by C.J Suess.
11:26 of 3rd period - Shot Misses the Net.
11:31 of 3rd period - Eric Gustafsson is hit by C.J Suess and loses puck.
11:34 of 3rd period - Slapshot by Kurtis Macdermid.
11:34 of 3rd period - Stopped by Arvid Soderblom without a rebound.
11:35 of 3rd period - Christoph Bertschy wins face-off versus Emil Pettersson in Senators zone.
12:33 of 3rd period - Snap shot by Noah Gregor.
12:33 of 3rd period - Goal by Noah Gregor - Barracuda : 5 - Senators : 6.
12:34 of 3rd period - Emil Pettersson wins face-off versus Christoph Bertschy in neutral zone.
12:41 of 3rd period - Wrist shot by William Carrier.
12:41 of 3rd period - Shot Misses the Net.
12:49 of 3rd period - Wrist shot by Emil Pettersson.
12:49 of 3rd period - Shot Blocked by Mason Appleton.
12:59 of 3rd period - Theodor Blueger is hit by Carl Grundstrom and loses puck.
13:26 of 3rd period - Slapshot by Grant Besse.
13:26 of 3rd period - Stopped by Joni Ortio without a rebound.
13:27 of 3rd period - Zachary Sanford wins face-off versus William Carrier in Barracuda zone.
13:30 of 3rd period - Wrist shot by Zachary Sanford.
13:30 of 3rd period - Shot Misses the Net.
13:38 of 3rd period - Snap shot by Emil Pettersson.
13:38 of 3rd period - Deflect By William Carrier.
13:38 of 3rd period - Stopped by Arvid Soderblom with a rebound.
14:41 of 3rd period - Anton Karlsson is hit by Alexei Toropchenko.
15:16 of 3rd period - Slapshot by Joonas Lyytinen.
15:16 of 3rd period - Shot Misses the Net.
15:18 of 3rd period - Snap shot by Anton Karlsson.
15:18 of 3rd period - Goal by Anton Karlsson - Barracuda : 5 - Senators : 7.
15:19 of 3rd period - Christoph Bertschy wins face-off versus Noah Gregor in neutral zone.
15:34 of 3rd period - Wrist shot by Cole Ully.
15:34 of 3rd period - Shot Blocked by Jordan Schmaltz.
15:44 of 3rd period - William Carrier is hit by Marc Michaelis and loses puck.
15:56 of 3rd period - Minor Penalty to Marc Michaelis for Hooking.
15:57 of 3rd period - Christoph Bertschy wins face-off versus William Carrier in Senators zone.
16:23 of 3rd period - Zachary Sanford is hit by Eric Gustafsson and loses puck.
16:32 of 3rd period - Wrist shot by Theodor Blueger.
16:32 of 3rd period - Goal by Theodor Blueger - Barracuda : 6 - Senators : 7.
16:33 of 3rd period - Kevin Rooney wins face-off versus Noah Gregor in neutral zone.
16:38 of 3rd period - Wrist shot by Kevin Rooney.
16:38 of 3rd period - Stopped by Joni Ortio without a rebound.
16:39 of 3rd period - Kevin Rooney wins face-off versus Noah Gregor in Barracuda zone.
16:40 of 3rd period - Snap shot by Grant Besse.
16:40 of 3rd period - Stopped by Joni Ortio with a rebound.
16:42 of 3rd period - Snap shot by Grant Besse.
16:42 of 3rd period - Stopped by Joni Ortio with a rebound.
16:54 of 3rd period - Wrist shot by Kevin Rooney.
16:54 of 3rd period - Shot Blocked by Noah Gregor.
17:26 of 3rd period - Off-side.
17:27 of 3rd period - Jacob De La Rose wins face-off versus Theodor Blueger in neutral zone.
17:52 of 3rd period - Nikolai Kovalenko is hit by Grant Besse and loses puck.
18:37 of 3rd period - Snap shot by Jacob De La Rose.
18:37 of 3rd period - Stopped by Joni Ortio with a rebound.
18:39 of 3rd period - Slapshot by C.J Suess.
18:39 of 3rd period - Shot Blocked by Kurtis Macdermid.
18:41 of 3rd period - Wrist shot by Jacob De La Rose.
18:41 of 3rd period - Shot Blocked by Jaedon Descheneau.
18:43 of 3rd period - Slapshot by Jonas Siegenthaler.
18:43 of 3rd period - Deflect By Carl Grundstrom.
18:43 of 3rd period - Stopped by Joni Ortio with a rebound.
18:54 of 3rd period - Off-side.
18:55 of 3rd period - Dale Hunter call a timeout for Barracuda.
18:55 of 3rd period - Christoph Bertschy wins face-off versus Emil Pettersson in neutral zone.
19:10 of 3rd period - Backhand shot by Zachary Sanford.
19:10 of 3rd period - Deflect By Samuel Groulx.
19:10 of 3rd period - Shot Misses the Net.
19:10 of 3rd period - Puck is out of play.
19:11 of 3rd period - Emil Pettersson wins face-off versus Christoph Bertschy in Barracuda zone.
19:16 of 3rd period - Barracuda, Joni Ortio is pulled from the net.
19:16 of 3rd period - Wrist shot by Eric Gustafsson.
19:16 of 3rd period - Shot Blocked by Keegan Lowe.
19:42 of 3rd period - Slapshot by Zachary Sanford.
19:42 of 3rd period - Shot Blocked by Eric Gustafsson.
19:48 of 3rd period - Wrist shot by Mason Appleton.
19:48 of 3rd period - Shot Blocked by Eric Gustafsson.
19:54 of 3rd period - Snap shot by Zachary Sanford.
19:54 of 3rd period - Shot Misses the Net.
Goals for this period are 3 for Barracuda vs 4 for Senators.
Shots for this period are 10 for Barracuda vs 15 for Senators.